[Event "Titled Tuesday Blitz January 10 Early 2023"]
[White "Goltsev, Dmitry"]
[Black "Tomashevsky, Evgeny"]
[WhiteFideId "24176710"]
[BlackFideId "4147235"]
[WhiteElo "2269"]
[BlackElo "2694"]
[Result "0-1"]
[Round "08"]
[TimeControl "180+2"]
[Date "2023.01.10"]
[WhiteClock "0:00:03"]
[BlackClock "0:00:46"]

1. e4 e5 2. Nf3 Nc6 3. Bb5 a6 4. Ba4 Nf6 5. O-O Be7 6. Re1 b5 7. Bb3 O-O 8. c3 d6 9. h3 Nb8 10. d4 Nbd7 11. Nbd2 Bb7 12. Qe2 Re8 13. Ng5 Rf8 14. Ngf3 h6 15. Nh4 c5 16. Nf5 Re8 17. d5 Bf8 18. Bc2 g6 19. Ng3 Bg7 20. a4 c4 21. Ndf1 Nc5 22. a5 Bc8 23. Be3 h5 24. f3 h4 25. Nh1 Nh5 26. Nf2 Bf6 27. Qd2 Nf4 28. Ng4 Bg5 29. Rab1 Kg7 30. Red1 Qxa5 31. Qf2 Qc7 32. Bxc5 Qxc5 33. Qxc5 dxc5 34. Kf2 a5 35. Nfe3 a4 36. Ra1 Bd7 37. d6 Ra6 38. Nd5 Bd8 39. Nxf4 exf4 40. Rd5 b4 41. Ne5 Be6 42. Rd2 b3 43. Bd1 Bf6 44. Ng4 Bxg4 45. hxg4 a3 46. Rc1 a2 47. Ra1 Rd8 48. Be2 Raxd6 49. Rxd6 Rxd6 50. Bxc4 Rd2+ 51. Kf1 Rxb2 52. Bxb3 Rb1+ 0-1


[Site "https://www.chess.com"]

[Event "Titled Tuesday Blitz January 10 Early 2023"]
[White "Maksimovic, Bojan"]
[Black "Molina, Roberto Junio Brito"]
[WhiteFideId "14408120"]
[BlackFideId "2109450"]
[WhiteElo "2486"]
[BlackElo "2403"]
[Result "1/2-1/2"]
[Round "08"]
[TimeControl "180+2"]
[Date "2023.01.10"]
[WhiteClock "0:00:09"]
[BlackClock "0:00:17"]

1. g3 d5 2. Bg2 c6 3. Nc3 Bg4 4. h3 Bh5 5. Nf3 e6 6. g4 Bg6 7. Ne5 Nd7 8. Nxg6 hxg6 9. d3 Bb4 10. Bd2 Ne7 11. a3 Ba5 12. e3 c5 13. Rb1 Nc6 14. Kf1 Qe7 15. Bc1 Bc7 16. Ne2 f5 17. c4 Nf6 18. g5 Nd7 19. cxd5 exd5 20. h4 Nb6 21. d4 cxd4 22. Nxd4 Nxd4 23. Qxd4 O-O-O 24. Bd2 Kb8 25. Bc3 Rd7 26. a4 Nc4 27. b3 Be5 28. Qd3 Bxc3 29. bxc4 d4 30. exd4 Bxd4 31. Rh3 Bxf2 32. Qxd7 Qxd7 33. Rxb7+ Qxb7 34. Bxb7 Rxh4 35. Rb3 Bb6 36. Bd5 Kc7 37. a5 Bxa5 38. Rb7+ Kd6 39. Rxg7 Ke5 40. Rxg6 Rg4 41. Rg8 Bb6 42. g6 Kf6 43. Rc8 Kxg6 44. c5 Ba5 45. c6 Rd4 46. c7 Bxc7 47. Rxc7 Rxd5 48. Rxa7 Kg5 49. Ra4 Rd2 50. Rb4 Rc2 51. Ra4 Kh5 52. Rb4 Kg6 53. Ra4 Kf6 54. Rb4 Ke5 55. Ra4 Rb2 56. Rc4 Rd2 57. Rb4 Rd4 58. Rxd4 Kxd4 59. Kf2 Ke4 60. Ke2 Kf4 61. Kf2 Kg4 62. Kg2 f4 63. Kf2 f3 64. Kf1 Kf5 65. Kf2 Kf4 66. Kf1 Ke3 67. Ke1 f2+ 68. Kf1 Kf3 1/2-1/2


[Site "https://www.chess.com"]

[Event "Titled Tuesday Blitz January 10 Early 2023"]
[White "Orozbaev, Eldiar"]
[Black "Jones, Gawain C B"]
[WhiteFideId "13802240"]
[BlackFideId "409561"]
[WhiteElo "2235"]
[BlackElo "2618"]
[Result "0-1"]
[Round "08"]
[TimeControl "180+2"]
[Date "2023.01.10"]
[WhiteClock "0:00:30"]
[BlackClock "0:01:07"]

1. e4 c6 2. Nc3 d5 3. Nf3 dxe4 4. Nxe4 Nf6 5. Ng3 h5 6. Bc4 h4 7. Nf1 h3 8. g3 Nbd7 9. Ne3 e6 10. d4 b6 11. c3 Qc7 12. Qe2 Bb7 13. Nf5 c5 14. Bb5 Be4 15. Bf4 Qb7 16. d5 Bxf5 17. Bc6 Qc8 18. O-O-O Be7 19. dxe6 Qxc6 20. exd7+ Nxd7 21. Rhe1 Be6 22. Bg5 Bxg5+ 23. Nxg5 O-O-O 24. Nxe6 fxe6 25. Qxe6 Qxe6 26. Rxe6 Nf6 27. Rxd8+ Kxd8 28. b4 cxb4 29. cxb4 Ng4 0-1


[Site "https://www.chess.com"]

[Event "Titled Tuesday Blitz January 10 Early 2023"]
[White "Seo, Jung Min"]
[Black "Zhigalko, Sergei"]
[WhiteFideId "1734687"]
[BlackFideId "13502956"]
[WhiteElo "2494"]
[BlackElo "2572"]
[Result "1-0"]
[Round "08"]
[TimeControl "180+2"]
[Date "2023.01.10"]
[WhiteClock "0:00:44"]
[BlackClock "0:00:02"]

1. Nf3 d5 2. d4 e6 3. c4 c6 4. Bg5 Be7 5. Bxe7 Qxe7 6. e3 Nf6 7. Nc3 O-O 8. h3 Nbd7 9. Rc1 Re8 10. cxd5 exd5 11. Bd3 Ne4 12. O-O Nf8 13. Qc2 Ng6 14. b4 Bf5 15. b5 Qf6 16. bxc6 bxc6 17. Bxe4 dxe4 18. Nd2 Nh4 19. Kh2 Re6 20. Ne2 Nf3+ 21. Kh1 Qg5 22. Ng3 Nh4 23. Qc5 h6 24. Nc4 a6 25. Nd6 Bg6 26. Qxg5 hxg5 27. Rxc6 Rd8 28. Nc8 Rxc6 29. Ne7+ Kf8 30. Nxc6 Rc8 31. Ne5 Rc2 32. Nxg6+ Nxg6 33. Nxe4 Rxa2 34. Nxg5 a5 35. Kg1 a4 36. Rb1 1-0


[Site "https://www.chess.com"]

[Event "Titled Tuesday Blitz January 10 Early 2023"]
[White "Alexakis, Dimitris"]
[Black "Hambleton, Aman"]
[WhiteFideId "4277023"]
[BlackFideId "2606577"]
[WhiteElo "2436"]
[BlackElo "2420"]
[Result "1-0"]
[Round "08"]
[TimeControl "180+2"]
[Date "2023.01.10"]
[WhiteClock "0:00:42"]
[BlackClock "0:00:02"]

1. Nf3 d5 2. g3 c6 3. Bg2 Nf6 4. O-O Bf5 5. c4 e6 6. Qb3 Qb6 7. Nc3 Nbd7 8. d4 Qxb3 9. axb3 a6 10. Nd2 Be7 11. e4 dxe4 12. Ndxe4 Nxe4 13. Nxe4 Bxe4 14. Bxe4 Nf6 15. Bf3 O-O 16. Bd2 Rad8 17. Bc3 Rd7 18. Rfe1 Bd8 19. Kg2 Bb6 20. Rad1 Rfd8 21. d5 cxd5 22. Bxf6 gxf6 23. cxd5 exd5 24. Bg4 Rc7 25. Bf5 Bc5 26. Re2 h6 27. Re4 a5 28. Rg4+ Kf8 29. Rh4 Kg7 30. Rg4+ Kf8 31. Bh7 Rd6 32. Rg8+ Ke7 33. Bf5 Rd8 34. Re1+ Kd6 35. Rxd8+ 1-0


[Site "https://www.chess.com"]

[Event "Titled Tuesday Blitz January 10 Early 2023"]
[White "Taboas Rodriguez, Daniel"]
[Black "Rozman, Levy"]
[WhiteFideId "2208466"]
[BlackFideId "2039877"]
[WhiteElo "2371"]
[BlackElo "2322"]
[Result "1-0"]
[Round "08"]
[TimeControl "180+2"]
[Date "2023.01.10"]
[WhiteClock "0:00:17"]
[BlackClock "0:00:02"]

1. d4 g6 2. Nf3 Bg7 3. c4 d6 4. Nc3 Bg4 5. e3 Nc6 6. Be2 e5 7. d5 Nce7 8. e4 Bd7 9. O-O h6 10. b4 f5 11. c5 Nf6 12. Bd3 f4 13. Nd2 a6 14. Nc4 Bc8 15. a4 O-O 16. Ba3 Ne8 17. b5 f3 18. b6 fxg2 19. Kxg2 Qd7 20. Kh1 Qh3 21. f3 dxc5 22. bxc7 Rf7 23. Bxc5 g5 24. d6 Ng6 25. Nd5 Nh4 26. Qe2 g4 27. Rg1 Rxf3 28. Ne7+ Kh8 29. Nxc8 Nf6 30. Nxe5 Nh5 31. Rxg4 Rg3 32. d7 Bxe5 33. d8=Q+ Kh7 34. Qe7+ Bg7 35. e5+ Kh8 36. Qe8+ 1-0


[Site "https://www.chess.com"]

[Event "Titled Tuesday Blitz January 10 Early 2023"]
[White "Bacrot, Etienne"]
[Black "Martinez Ramirez, Lennis"]
[WhiteFideId "605506"]
[BlackFideId "3509079"]
[WhiteElo "2667"]
[BlackElo "2426"]
[Result "1-0"]
[Round "08"]
[TimeControl "180+2"]
[Date "2023.01.10"]
[WhiteClock "0:00:33"]
[BlackClock "0:00:24"]

1. e4 c5 2. Nf3 d6 3. d4 cxd4 4. Nxd4 Nf6 5. Nc3 a6 6. Bd3 e5 7. Nde2 b5 8. O-O Be7 9. Ng3 b4 10. Nce2 O-O 11. f4 Nc6 12. Kh1 a5 13. Be3 g6 14. Qe1 Ba6 15. Rd1 a4 16. h3 Qb8 17. fxe5 Nxe5 18. Bh6 Re8 19. Bxa6 Rxa6 20. Nd4 Nfd7 21. Ngf5 gxf5 22. Qg3+ Ng6 23. exf5 Bh4 24. Qg4 Nf6 25. fxg6 Nxg4 26. gxf7+ Kh8 27. hxg4 Rf8 28. Ne6 d5 29. Bg7# 1-0


[Site "https://www.chess.com"]

[Event "Titled Tuesday Blitz January 10 Early 2023"]
[White "Kosakowski, Jakub"]
[Black "Dehtiarov, Roman"]
[WhiteFideId "1185080"]
[BlackFideId "14186640"]
[WhiteElo "2485"]
[BlackElo "2289"]
[Result "1-0"]
[Round "08"]
[TimeControl "180+2"]
[Date "2023.01.10"]
[WhiteClock "0:00:12"]
[BlackClock "0:00:04"]

1. e4 e5 2. Nf3 Nc6 3. Bb5 a6 4. Ba4 Nf6 5. O-O Be7 6. Re1 b5 7. Bb3 d6 8. c3 O-O 9. h3 Nb8 10. d4 Nbd7 11. c4 b4 12. c5 exd4 13. cxd6 Bxd6 14. e5 Nxe5 15. Nxe5 c5 16. Nd2 Bb7 17. Ndf3 Rc8 18. Bg5 h6 19. Bxf6 Qxf6 20. Nd7 Qf4 21. Nxf8 Bxf3 22. Qxf3 Qh2+ 23. Kf1 c4 24. Qf5 g6 25. Qxc8 d3 26. f3 Bg3 27. Nd7+ Kh7 28. Nf6+ Kg7 29. Ne8+ Kh7 30. Nf6+ Kg7 31. Qg8+ Kxf6 32. Qh8+ Kg5 33. Qd4 Qh1+ 34. Qg1 Qxg1+ 35. Kxg1 cxb3 36. axb3 Bxe1 37. Rxe1 Kf4 38. Kf2 d2 39. Re4+ Kf5 40. Rd4 Kf6 41. Rxd2 Kg7 42. Rd4 1-0


[Site "https://www.chess.com"]

[Event "Titled Tuesday Blitz January 10 Early 2023"]
[White "Piesik, Piotr"]
[Black "Stribuk, Artiom"]
[WhiteFideId "1136194"]
[BlackFideId "13515659"]
[WhiteElo "2426"]
[BlackElo "2378"]
[Result "0-1"]
[Round "08"]
[TimeControl "180+2"]
[Date "2023.01.10"]
[WhiteClock "0:01:04"]
[BlackClock "0:00:34"]

1. Nf3 Nf6 2. g3 g6 3. Bg2 Bg7 4. O-O O-O 5. d4 d5 6. c4 c6 7. Nc3 dxc4 8. a4 Na6 9. a5 Bf5 10. Qa4 Qc8 11. Qxc4 Bh3 12. Bg5 Bxg2 13. Kxg2 h6 14. Bxf6 Bxf6 15. e4 e6 16. Rfd1 Rd8 17. Ne2 c5 18. Rac1 cxd4 19. e5 Be7 20. Nexd4 Qxc4 21. Rxc4 Rd5 22. Ra4 Rad8 23. Rc1 Nc5 24. Rac4 Nd3 25. R1c2 Nxe5 26. Rc8 Nxf3 27. Nxf3 Rxa5 28. Rxd8+ Bxd8 29. Nd2 Kg7 30. Rc8 Rd5 31. Nc4 b5 32. Ne3 Rd7 33. Kf3 Bb6 34. Ng4 Rd2 0-1


[Site "https://www.chess.com"]

[Event "Titled Tuesday Blitz January 10 Early 2023"]
[White "Perez Rodriguez, Luis Manuel"]
[Black "Harsh Suresh"]
[WhiteFideId "3503364"]
[BlackFideId "45018464"]
[WhiteElo "2329"]
[BlackElo "2298"]
[Result "1/2-1/2"]
[Round "08"]
[TimeControl "180+2"]
[Date "2023.01.10"]
[WhiteClock "0:02:58"]
[BlackClock "0:00:40"]

1. e4 c6 2. d4 d5 3. exd5 cxd5 4. c4 Nf6 5. Nc3 Nc6 6. Nf3 Bg4 7. cxd5 Nxd5 8. Qb3 Bxf3 9. gxf3 e6 10. Qxb7 Nxd4 11. Bb5+ Nxb5 12. Qc6+ Ke7 13. Qc5+ Ke8 14. Qc6+ Ke7 15. Qc5+ Ke8 16. Qc6+ Ke7 1/2-1/2


[Site "https://www.chess.com"]

[Event "Titled Tuesday Blitz January 10 Early 2023"]
[White "Galchenko, Matvey"]
[Black "Garakov, Mikhael"]
[WhiteFideId "24175480"]
[BlackFideId "4169034"]
[WhiteElo "2438"]
[BlackElo "2447"]
[Result "1-0"]
[Round "08"]
[TimeControl "180+2"]
[Date "2023.01.10"]
[WhiteClock "0:02:16"]
[BlackClock "0:01:49"]

1. f4 d5 2. Nf3 g6 3. g3 Bg7 4. Bg2 c5 5. O-O Nc6 6. d3 Bg4 7. h3 Bxf3 8. Bxf3 e5 9. Nc3 Nge7 10. e4 d4 11. Ne2 O-O 12. f5 gxf5 13. exf5 Nxf5 14. Bxc6 Ne3 15. Bxe3 dxe3 16. Be4 Qg5 17. Rf5 Qh6 18. Kg2 c4 19. Nc3 Rad8 20. Rh5 1-0


[Site "https://www.chess.com"]

[Event "Titled Tuesday Blitz January 10 Early 2023"]
[White "Najdin, Danil"]
[Black "Mikhailovsky, Vladimir"]
[WhiteFideId "4172426"]
[BlackFideId "34105414"]
[WhiteElo "2235"]
[BlackElo "2215"]
[Result "1-0"]
[Round "08"]
[TimeControl "180+2"]
[Date "2023.01.10"]
[WhiteClock "0:00:04"]
[BlackClock "0:00:02"]

1. e4 c6 2. d4 d5 3. exd5 cxd5 4. Bd3 Nc6 5. c3 Nf6 6. Bf4 Bg4 7. Qb3 Qc8 8. Nd2 e6 9. Ngf3 Be7 10. Ne5 Nxe5 11. Bxe5 O-O 12. O-O Bh5 13. Rae1 Bg6 14. Bxg6 hxg6 15. Bxf6 gxf6 16. f4 Bd6 17. g3 Kg7 18. Kg2 Rh8 19. Nf3 Qc6 20. a4 a6 21. Ra1 b5 22. Ne1 Rab8 23. axb5 Rxb5 24. Qc2 Rhb8 25. Nd3 e5 26. fxe5 fxe5 27. dxe5 d4+ 28. Kg1 Bxe5 29. c4 Bf6 30. Qf2 Rb3 31. Ra3 Rxa3 32. bxa3 Re8 33. Nb4 Qe6 34. Nd5 Be5 35. Qf3 Rc8 36. Qe2 Qd6 37. Re1 f6 38. Kg2 Rd8 39. Qd3 Rd7 40. Rb1 Rd8 41. Rb6 Rd7 42. Rxd6 Rxd6 43. Qe4 Rc6 44. Ne3 Rb6 45. Nd5 Rb2+ 46. Kh3 Rb3 47. Ne7 Kf7 48. Qd5+ Kxe7 49. c5 Rc3 50. c6 d3 51. Qd7+ Kf8 52. Qd8+ Kf7 53. Qd7+ Kf8 54. Qc8+ Kg7 55. Qd7+ Kh6 56. Kg4 Rc4+ 57. Kf3 Rc3 58. Ke4 g5 59. Kf5 Rc5 60. Ke6 Bc3 61. Qxd3 Re5+ 62. Kf7 Ba5 63. Qg6# 1-0


[Site "https://www.chess.com"]

[Event "Titled Tuesday Blitz January 10 Early 2023"]
[White "Harsha Bharathakoti"]
[Black "Jovic, Stanoje"]
[WhiteFideId "5078776"]
[BlackFideId "905020"]
[WhiteElo "2602"]
[BlackElo "2075"]
[Result "0-1"]
[Round "08"]
[TimeControl "180+2"]
[Date "2023.01.10"]
[WhiteClock "0:00:01"]
[BlackClock "0:00:06"]

1. e4 c6 2. d4 d5 3. e5 c5 4. Nf3 Nc6 5. dxc5 Bg4 6. Be3 e6 7. Bb5 Ne7 8. c3 Nf5 9. Bd4 Rc8 10. Nbd2 Be7 11. h3 Bxf3 12. Nxf3 Nxd4 13. Qxd4 O-O 14. Bxc6 Rxc6 15. b4 Qc7 16. O-O b6 17. cxb6 axb6 18. Rfc1 Rc8 19. a3 b5 20. Qd3 Rc4 21. Nd4 Qxe5 22. Nxb5 h6 23. Nd4 Bd6 24. g3 Qh5 25. Kg2 e5 26. Ne2 e4 27. Qe3 g5 28. Rd1 Qg6 29. Rxd5 f5 30. Rad1 f4 31. Rxd6 Qxd6 32. Rxd6 fxe3 33. fxe3 R4c6 34. Rxc6 Rxc6 35. a4 Kf7 36. a5 Ke7 37. Kf2 Kd7 38. Ke1 Rf6 39. Nd4 Kd6 40. c4 Rf8 41. a6 Kc7 42. c5 Kb8 43. b5 Rf5 44. c6 Ka7 45. c7 Rf8 0-1


[Site "https://www.chess.com"]

[Event "Titled Tuesday Blitz January 10 Early 2023"]
[White "Neiksans, Arturs"]
[Black "Kazancev, Valerij M"]
[WhiteFideId "11601388"]
[BlackFideId "4179609"]
[WhiteElo "2615"]
[BlackElo "2313"]
[Result "1-0"]
[Round "08"]
[TimeControl "180+2"]
[Date "2023.01.10"]
[WhiteClock "0:00:52"]
[BlackClock "0:00:06"]

1. e4 g6 2. Nc3 Bg7 3. h4 h5 4. Bc4 e6 5. Nf3 Ne7 6. d3 d5 7. Bb3 O-O 8. Bg5 c6 9. Qd2 Nd7 10. O-O-O Nc5 11. e5 f6 12. exf6 Bxf6 13. Bxf6 Rxf6 14. Qe3 Nf5 15. Qxc5 b6 16. Qb4 Qc7 17. Ne2 a5 18. Qc3 Rf8 19. a3 a4 20. Ba2 c5 21. Qe5 Qxe5 22. Nxe5 Kg7 23. Rde1 b5 24. Nf3 b4 25. Nf4 Ra6 26. Ng5 Nd4 27. g3 b3 28. Bb1 c4 29. c3 Nb5 30. Nfxe6+ Bxe6 31. Nxe6+ Rxe6 32. Rxe6 Rxf2 33. dxc4 dxc4 34. Rxg6+ Kf7 35. Re1 1-0


[Site "https://www.chess.com"]

[Event "Titled Tuesday Blitz January 10 Early 2023"]
[White "Zemlyanskii, Ivan"]
[Black "Sai Han Thiha"]
[WhiteFideId "24249971"]
[BlackFideId "13012290"]
[WhiteElo "2300"]
[BlackElo "2070"]
[Result "1-0"]
[Round "08"]
[TimeControl "180+2"]
[Date "2023.01.10"]
[WhiteClock "0:00:10"]
[BlackClock "0:00:02"]

1. d4 Nf6 2. c4 e6 3. Nf3 Bb4+ 4. Bd2 Qe7 5. g3 Nc6 6. b3 Ne4 7. Qc2 d5 8. Bg2 Nxd2 9. Nbxd2 O-O 10. O-O Rd8 11. e3 Qf6 12. Rfd1 Bf8 13. a3 Bd7 14. b4 Rac8 15. h4 h6 16. Qb3 Be8 17. cxd5 exd5 18. Ne1 Ne7 19. Nd3 c6 20. a4 Nf5 21. b5 Nd6 22. bxc6 bxc6 23. Qc3 Qe6 24. Nc5 Qf6 25. Rab1 Rc7 26. Qa5 Rdc8 27. Rdc1 Qd8 28. Bf3 Bd7 29. Na6 Rb7 30. Qc3 Rb6 31. Nc5 Be6 32. a5 Rb5 33. Be2 Rxb1 34. Rxb1 Bf5 35. Rb4 Ne8 36. Rb7 Bxc5 37. Qxc5 Rc7 38. Rxa7 1-0


[Site "https://www.chess.com"]

[Event "Titled Tuesday Blitz January 10 Early 2023"]
[White "Kosteniuk, Alexandra"]
[Black "Pranav, V"]
[WhiteFideId "4128125"]
[BlackFideId "25060783"]
[WhiteElo "2535"]
[BlackElo "2597"]
[Result "0-1"]
[Round "08"]
[TimeControl "180+2"]
[Date "2023.01.10"]
[WhiteClock "0:00:05"]
[BlackClock "0:00:05"]

1. e4 e5 2. Nf3 Nc6 3. Bc4 Nf6 4. d3 h6 5. Nc3 d6 6. a4 g6 7. O-O Bg7 8. d4 exd4 9. Nxd4 O-O 10. Nxc6 bxc6 11. h3 a5 12. Rb1 Nd7 13. Bd2 Re8 14. Re1 Ne5 15. Bf1 Be6 16. b3 Nd7 17. f4 Nc5 18. Qf3 d5 19. e5 Bf5 20. Rbc1 d4 21. Nd1 Qd7 22. Nf2 Be6 23. Ne4 Nxe4 24. Qxe4 h5 25. Bd3 Bf8 26. Qf3 Bf5 27. Bxf5 Qxf5 28. Qxc6 d3 29. cxd3 Qxd3 30. Qc2 Qd5 31. Re4 Rab8 32. Rc4 Red8 33. Bc3 Qb7 34. Rf1 Qxb3 35. Qxb3 Rxb3 36. Bxa5 Rb2 37. f5 Rd5 38. Be1 Re2 39. Bg3 Rdd2 40. Rf2 Re1+ 41. Rf1 Ree2 42. Rf2 Rd1+ 43. Rf1 Rd3 44. Bf4 c5 45. a5 Ra3 46. fxg6 fxg6 47. Kh2 Rxa5 48. h4 Raa2 49. Rg1 Be7 50. Kh3 Ra3+ 51. g3 Kf7 52. Rcc1 Raa2 53. Rh1 Ke6 54. Rce1 Reb2 55. Rd1 Rb4 56. Rc1 Ra3 57. Rhf1 Rbb3 58. Kg2 Rb2+ 59. Rf2 Rxf2+ 60. Kxf2 Kd5 61. Rd1+ Ke6 62. Rb1 c4 63. Rb6+ Kf5 64. Rb7 Bc5+ 65. Ke2 Ra2+ 66. Kd1 c3 67. Rc7 c2+ 68. Ke1 Bb4+ 69. Kf1 Ba3 70. e6 Kxe6 71. Rc4 Ra1+ 72. Ke2 c1=Q 73. Bxc1 Rxc1 74. Ra4 Bd6 75. Kf3 Rc3+ 76. Ke4 Rxg3 0-1


[Site "https://www.chess.com"]

[Event "Titled Tuesday Blitz January 10 Early 2023"]
[White "Vokhidov, Shamsiddin"]
[Black "Begmuratov, Khumoyun"]
[WhiteFideId "14204223"]
[BlackFideId "14210207"]
[WhiteElo "2586"]
[BlackElo "2387"]
[Result "1-0"]
[Round "08"]
[TimeControl "180+2"]
[Date "2023.01.10"]
[WhiteClock "0:00:28"]
[BlackClock "0:00:04"]

1. e4 e5 2. Nf3 Nc6 3. Nc3 Nf6 4. a3 d5 5. Bb5 d4 6. Ne2 Bd6 7. d3 Bd7 8. Bc4 Qe7 9. O-O h6 10. Ng3 O-O-O 11. c3 h5 12. Bg5 a6 13. Nh4 Bg4 14. Ngf5 Bxd1 15. Nxe7+ Bxe7 16. Rfxd1 Rhf8 17. Nf5 dxc3 18. bxc3 b5 19. Bb3 Ng8 20. Be3 g6 21. Nxe7+ Ngxe7 22. a4 b4 23. cxb4 Nxb4 24. Bc5 Nbc6 25. Bc4 a5 26. Bb5 Rg8 27. Rac1 f5 28. exf5 gxf5 29. Rc3 Rg6 30. Ba3 Kb7 31. Rb1 Kc8 32. Rbc1 Kb7 33. Bxe7 Nxe7 34. Rxc7+ Kb6 35. Rxe7 Rxd3 1-0


[Site "https://www.chess.com"]

[Event "Titled Tuesday Blitz January 10 Early 2023"]
[White "Dvirnyy, Danyyil"]
[Black "Wagner, Dennis"]
[WhiteFideId "817570"]
[BlackFideId "24650684"]
[WhiteElo "2541"]
[BlackElo "2595"]
[Result "0-1"]
[Round "08"]
[TimeControl "180+2"]
[Date "2023.01.10"]
[WhiteClock "0:02:03"]
[BlackClock "0:02:10"]

1. e4 c5 2. Nf3 d6 3. Bb5+ Nd7 4. a4 Nf6 5. Nc3 a6 6. Be2 g6 7. a5 Bg7 8. d3 b5 9. axb6 O-O 10. h4 Nxb6 11. h5 Nxh5 12. Nh2 Nf6 13. Ng4 Nxg4 14. Bxg4 f5 15. exf5 Bxf5 16. Bxf5 Rxf5 17. Qg4 Qd7 18. Bg5 Re5+ 0-1


[Site "https://www.chess.com"]

[Event "Titled Tuesday Blitz January 10 Early 2023"]
[White "Krysa, Leandro"]
[Black "Howell, David W L"]
[WhiteFideId "116807"]
[BlackFideId "410608"]
[WhiteElo "2541"]
[BlackElo "2677"]
[Result "1/2-1/2"]
[Round "08"]
[TimeControl "180+2"]
[Date "2023.01.10"]
[WhiteClock "0:00:49"]
[BlackClock "0:00:24"]

1. e4 g6 2. d4 Bg7 3. Nf3 c6 4. Bd3 d6 5. O-O Nd7 6. Re1 e5 7. c3 Ngf6 8. a4 O-O 9. Na3 Qc7 10. dxe5 Nxe5 11. Nxe5 dxe5 12. Nc4 Be6 13. Qc2 Rad8 14. Bf1 b6 15. Bg5 Rd7 16. Rad1 Rfd8 17. f3 Rxd1 18. Rxd1 Rxd1 19. Qxd1 Nd7 20. b4 Bf8 21. Be3 a5 22. Qd2 h5 23. h4 Be7 24. Bf2 Kg7 25. Kh1 Qd8 26. g3 Qc7 27. Kg1 Kh7 28. Kh1 Kg7 29. Kg1 Kh7 30. Kh1 Kg7 1/2-1/2


[Site "https://www.chess.com"]

[Event "Titled Tuesday Blitz January 10 Early 2023"]
[White "Sanal, Vahap"]
[Black "Ordekalog"]
[WhiteFideId "6300545"]
[WhiteElo "2600"]
[BlackElo "2635"]
[Result "1-0"]
[Round "08"]
[TimeControl "180+2"]
[Date "2023.01.10"]
[WhiteClock "0:02:10"]
[BlackClock "0:00:13"]

1. c4 e6 2. Nf3 d5 3. g3 Nf6 4. Bg2 Be7 5. O-O O-O 6. b3 c5 7. Bb2 Nc6 8. e3 b6 9. Nc3 Bb7 10. Qe2 dxc4 11. bxc4 a6 12. d3 Qc7 13. Ne1 Na5 14. f4 Bxg2 15. Nxg2 Rad8 16. g4 Nc6 17. g5 Nd7 18. Rf3 Rfe8 19. Rh3 Nf8 20. Ne4 Nb4 21. Nf6+ Bxf6 22. gxf6 g6 23. Qg4 Nc2 24. Qg5 1-0


[Site "https://www.chess.com"]

[Event "Titled Tuesday Blitz January 10 Early 2023"]
[White "Movahed, Sina"]
[Black "Volkov, Maksim"]
[WhiteFideId "42520835"]
[BlackFideId "54123070"]
[WhiteElo "2340"]
[BlackElo "2258"]
[Result "1-0"]
[Round "08"]
[TimeControl "180+2"]
[Date "2023.01.10"]
[WhiteClock "0:02:28"]
[BlackClock "0:01:47"]

1. e4 c5 2. Nf3 d6 3. d4 cxd4 4. Nxd4 Nf6 5. Nc3 a6 6. Bg5 e6 7. f4 Be7 8. Qf3 Qc7 9. O-O-O Nbd7 10. Bd3 b5 11. Rhe1 Bb7 12. Nd5 exd5 13. Nf5 Bf8 14. e5 dxe5 15. fxe5 Ne4 16. Bxe4 dxe4 17. Rxe4 Rc8 18. Nd6+ 1-0


[Site "https://www.chess.com"]

[Event "Titled Tuesday Blitz January 10 Early 2023"]
[White "Tologon tegin, Semetei"]
[Black "Ter-Sahakyan, Samvel"]
[WhiteFideId "13800574"]
[BlackFideId "13302531"]
[WhiteElo "2372"]
[BlackElo "2617"]
[Result "0-1"]
[Round "08"]
[TimeControl "180+2"]
[Date "2023.01.10"]
[WhiteClock "0:00:01"]
[BlackClock "0:00:08"]

1. e4 c5 2. Nf3 e6 3. d4 cxd4 4. Nxd4 Nf6 5. Nc3 Nc6 6. Nxc6 bxc6 7. e5 Nd5 8. Ne4 Qc7 9. f4 Qb6 10. Bd3 Ba6 11. a3 Bxd3 12. Qxd3 f5 13. exf6 gxf6 14. c4 f5 15. cxd5 fxe4 16. Qc3 Rg8 17. Be3 Qb5 18. dxe6 dxe6 19. O-O-O Rxg2 20. Rhg1 Rxg1 21. Rxg1 O-O-O 22. Bxa7 Rd3 23. Qf6 Qc4+ 24. Kb1 Bxa3 25. Bb6 Bxb2 26. Qf8+ Kb7 27. Rg7+ Kxb6 28. Qb8+ Kc5 29. Qa7+ Kb4 30. Qb6+ Qb5 0-1


[Site "https://www.chess.com"]

[Event "Titled Tuesday Blitz January 10 Early 2023"]
[White "Indjic, Aleksandar"]
[Black "Hamley, Ryan"]
[WhiteFideId "911925"]
[BlackFideId "30959497"]
[WhiteElo "2618"]
[BlackElo "2092"]
[Result "1/2-1/2"]
[Round "08"]
[TimeControl "180+2"]
[Date "2023.01.10"]
[WhiteClock "0:00:23"]
[BlackClock "0:00:32"]

1. e3 g6 2. h4 h5 3. c4 Bg7 4. Nc3 c5 5. Nh3 Nc6 6. Nf4 d6 7. g3 Nf6 8. Bg2 O-O 9. d3 Bg4 10. Bf3 Bxf3 11. Qxf3 e6 12. Bd2 d5 13. Rd1 d4 14. Ne4 Nxe4 15. Qxe4 dxe3 16. fxe3 Ne5 17. Bc3 Ng4 18. Bxg7 Kxg7 19. O-O Qc7 20. b3 Rad8 21. Rd2 Qe5 22. Qxe5+ Nxe5 23. d4 Ng4 24. Ng2 Rd7 25. Rfd1 Rfd8 26. Kf1 Kf6 27. Ke2 Ke7 28. dxc5 Rxd2+ 29. Rxd2 Rc8 30. b4 Ne5 31. Rc2 a5 32. a3 Nc6 33. Rb2 axb4 34. axb4 Ne5 35. Rc2 Nc6 36. Nf4 Nxb4 37. Rb2 Na6 38. Rxb7+ Kf6 39. Nd3 Nxc5 40. Nxc5 Rxc5 41. Kd3 e5 42. e4 Ra5 43. Kc3 Ra3+ 44. Kb4 Rxg3 45. c5 Ke6 46. Kb5 f5 47. exf5+ gxf5 48. Rh7 e4 49. c6 Rb3+ 50. Kc4 Rb1 51. c7 Rc1+ 52. Kd4 Kd6 53. Rxh5 Rd1+ 54. Ke3 Rd3+ 55. Ke2 Kxc7 56. Rxf5 Kd6 57. h5 Ke6 58. Ra5 Rh3 59. h6 Kf7 60. Ra6 Kg8 61. Re6 Kh7 62. Kf2 Rxh6 63. Rxh6+ Kxh6 64. Ke3 Kg5 65. Kxe4 1/2-1/2


[Site "https://www.chess.com"]

[Event "Titled Tuesday Blitz January 10 Early 2023"]
[White "Pakleza, Zbigniew"]
[Black "Yaksin, Oleg"]
[WhiteFideId "1119290"]
[BlackFideId "24105880"]
[WhiteElo "2494"]
[BlackElo "2389"]
[Result "1-0"]
[Round "08"]
[TimeControl "180+2"]
[Date "2023.01.10"]
[WhiteClock "0:00:41"]
[BlackClock "0:00:01"]

1. d4 Nf6 2. Nf3 e6 3. Bf4 Be7 4. h3 O-O 5. e3 b6 6. Bd3 Bb7 7. Nbd2 c5 8. c3 d6 9. Qe2 Nbd7 10. a3 Re8 11. Bh2 Bf8 12. e4 cxd4 13. cxd4 e5 14. d5 a6 15. b4 Nh5 16. Qe3 Nf4 17. O-O Nxd3 18. Qxd3 Rc8 19. Rfc1 Rxc1+ 20. Rxc1 Qb8 21. Kf1 Rc8 22. Rc3 Be7 23. Ke2 b5 24. Qc2 Rxc3 25. Qxc3 Nb6 26. Ne1 f5 27. f3 fxe4 28. fxe4 Qd8 29. Bg1 Bg5 30. Nef3 Na4 31. Qc2 Be7 32. Nb3 Bc8 33. Na5 Bd7 34. Nc6 Qe8 35. Nxe7+ Qxe7 36. Qc7 Kf7 37. Ba7 h6 38. Bb8 Be8 39. Qxd6 1-0


[Site "https://www.chess.com"]